Description

Here you're able to learn how to cheese a Terran opponent with a quick Roach/Ravanger pressure. You're able to all-in your opponent or deal enough damage and Macro up!

VOD

https://youtu.be/Y6wj0x88qHs

Build Order

Get SALT Encoding   

  13  00:03  Drone  
  13  00:10  Overlord  
  14  0:17  Drone  
  16  0:30  Drone x2  
  17  0:35  Drone  
  17  0:53  Hatchery  
  17  0:58  Drone  
  17  1:10  Spawning Pool  
  17  1:12  Extractor  
  17  1:18  Drone x3  Rally them into your new Extractor that is being made.
  20  1:58  Zergling x4  To deny Scouting
  22  2:00  Queen  From your main. Use to Inject
  22  2:05  Queen  From your natural. Use to Inject
  23  2:07  Roach Warren  
  24  2:09  Drone x2  
  25  2:30  Overlord  
  35  2:45  Roach x5  
  35  2:50  Overlord  
  35  3:10  Ravager x2  Create 1-2 Ravangers when you have minerals
  38  3:20  Drone x2  You can now go into drones or make more Roaches
  38  3:25  Hatchery  
  41  3:35  Drone x4  You can spam drones if you see they cannot do much, or just continue on pressuring with your Roaches.
  42  3:50  Overlord x2  
  44  4:00  Drone x2  Spam more Drones or Roaches, otherwise you can tech up and go into Lair + Additional Gas/Roach Upgrades and get Evolution Chambers
Spawning Tool Build Advisor. Get it on Overwolf

Analysis

You're able to simply spam a lot of Roaches in this build order, and lings whenever you have the opportunity to make them, or simply create a third hatchery and go into Lair where you're able to upgrade your Roaches and get upgrades.

Further make additional 3 Queens to get that creep spread out if you're going to Macro up.

Go to:

Details

  • Created by: PrestigeTV
  • Published on: Oct 31, 2022
  • Modified on: Oct 31, 2022
  • Patch: 4.11.0
  • Difficulty: Easy
Show
View Real Time Build Order
Export as new Build Order

Comments (0)

There are no comments. Be the first!

Create an account to comment!